 Dungeon Crawl Stone Soup version 0.17.1-3-g152610e (webtiles) character file.

1072 kaze the Skirmisher (level 8, -2/62 HPs)
             Began as a Demonspawn Fighter on Apr 11, 2016.
             Was a Believer of Nemelex Xobeh.
             Killed from afar by an orc wizard (5 damage)
             ... with a magic dart
             ... on level 5 of the Dungeon.
             The game lasted 00:09:04 (4142 turns).

kaze the Skirmisher (Demonspawn Fighter)            Turns: 4142, Time: 00:09:04

Health: -2/62      AC: 13    Str: 24    XL:     8   Next: 7%
Magic:  9/9        EV:  3    Int:  9    God:    Nemelex Xobeh [**....]
Gold:   254        SH:  0    Dex: 13    Spells: 0 memorised, 7 levels left

rFire  + . .     SeeInvis .     a - +1 flail
rCold  . . .     Clarity  .     t - +0 plate armour
rNeg   . . .     SustAt   .     c - +0 shield
rPois  .         Gourm    .     (helmet restricted)
rElec  .         Spirit   .     (no cloak)
rCorr  .         Warding  .     u - +2 pair of gloves
rMut   .         Stasis   .     (no boots)
MR     .....                    (no amulet)
Stlth  ..........               (no ring)
                                (no ring)

@: confused, mighty, very heavily drained, not resistant to hostile
enchantments, extremely unstealthy
A: antennae 1, claws 2, fire resistance 1, flame cloud immunity
a: Renounce Religion


You were on level 5 of the Dungeon.
You worshipped Nemelex Xobeh.
Nemelex Xobeh was pleased with you.
You were hungry.

You visited 1 branch of the dungeon, and saw 5 of its levels.

You collected 254 gold pieces.

Inventory:

Hand Weapons
 a - a +1 flail (weapon)
Armour
 c - a +0 shield (worn)
 t - a +0 plate armour (worn)
 u - a +2 pair of gloves (worn)
Scrolls
 b - a scroll of recharging {unknown}
 g - a scroll of fear
 i - 4 scrolls of remove curse
 j - 3 scrolls of identify
 q - 2 scrolls of magic mapping
 x - a scroll of fog
 y - 2 scrolls of enchant armour
Potions
 d - a potion of might
 h - a potion of curing
 l - a potion of lignification
 m - 2 potions of heal wounds
Miscellaneous
 f - a plain deck of war {drawn: 7}
 r - a plain deck of destruction {drawn: 8}
 v - a plain deck of defence
Comestibles
 e - 4 bread rations
 k - a beef jerky
 w - 3 meat rations
 z - a slice of pizza


   Skills:
 + Level 5.2(0.2) Fighting
 + Level 4.3(0.0) Maces & Flails
 + Level 4.5(0.0) Armour
 + Level 2.0(0.0) Dodging
 - Level 1.0(0.0) Stealth
 + Level 5.1(0.1) Shields
 + Level 1.4(0.0) Evocations


You had 7 spell levels left.
You didn't know any spells.

Dungeon Overview and Level Annotations

Branches:
Dungeon (5/15)             Temple (0/1) D:5

Altars:
Dithmenos
Makhleb
Nemelex Xobeh
Okawaru
Qazlal
Vehumet


Innate Abilities, Weirdness & Mutations

You have a pair of small antennae on your head.
You have very sharp fingernails.
Your flesh is heat resistant.
You are immune to clouds of flame.


Message History

The orc wizard is moderately wounded.
The orc wizard gestures at you while chanting.
The magic dart hits you!
* * * LOW HITPOINT WARNING * * *
You hear some strange, mumbled words.
You are more confused.
The orc wizard barely misses you.
You hear some strange, mumbled words.
A puff of flame appears from out of thin air!
The puff of flame hits you!
The orc wizard gestures wildly while chanting.
The orc wizard blinks!
The orc wizard casts a spell at you. The magic dart hits you!
* * * LOW HITPOINT WARNING * * *
Unknown command.
The orc wizard points at you and mumbles some strange words.
The magic dart hits you!
You die...
Your body disappears without a glow.

..†......................########
....................###..........
..............).......#.#########
......................#.#........
...#####....(.).).....#.#.#######
#### #.......{......#.#.# #.###
#..).............#.# #....
#[...........#.###.# #.###
#........@...#.# #.# #.#
#............# # #.# #.#
#..o.........# #.# #.#
#.......###### #.# #.# ####.....
#.# #.# #.#### #.###.# #. #.....#
# #######


You could see an orc wizard.

Vanquished Creatures
  Sigmund (D:2)
  A water moccasin (D:5)
  A phantom (D:4)
  3 ogres
  3 orc priests (D:4)
  2 iguanas
  A centaur skeleton (D:4)
  2 worker ants
  Natasha (D:2)
  2 orc wizards
  7 adders
  A river rat (D:3)
  An ooze (D:2)
  An adder zombie (D:5)
  4 worms
  2 giant geckos
  12 orcs
  A ball python (D:3)
  11 goblins
  6 hobgoblins
  12 jackals
  8 kobolds
  6 bats
  3 giant cockroaches
  4 giant newts
  5 rats
101 creatures vanquished.

Notes
Turn   | Place    | Note
--------------------------------------------------------------
     0 | D:1      | kaze the Demonspawn Fighter began the quest for the Orb.
     0 | D:1      | Reached XP level 1. HP: 18/18 MP: 1/1
   202 | D:1      | Gained mutation: Your flesh is heat resistant. [demonic ancestry]
   202 | D:1      | Reached XP level 2. HP: 22/24 MP: 2/2
   503 | D:2      | Noticed Sigmund
   512 | D:2      | Killed Sigmund
   512 | D:2      | Reached skill level 4 in Fighting
   512 | D:2      | Gained mutation: You have sharp fingernails. [demonic ancestry]
   512 | D:2      | Reached XP level 3. HP: 27/30 MP: 3/3
   512 | D:2      | Gained mutation: You have very sharp fingernails. [demonic ancestry]
   512 | D:2      | Reached XP level 4. HP: 33/37 MP: 4/4
   512 | D:2      | Gained mutation: You have a pair of small antennae on your head. [demonic ancestry]
   512 | D:2      | Reached XP level 5. HP: 37/42 MP: 5/5
   533 | D:2      | Reached skill level 1 in Dodging
   560 | D:2      | Found a shadowy altar of Dithmenos.
   684 | D:2      | Noticed Natasha
   691 | D:2      | Killed Natasha
   781 | D:2      | Found a burning altar of Makhleb.
  1061 | D:3      | Found a sparkling altar of Nemelex Xobeh.
  1141 | D:3      | Became a worshipper of Nemelex Xobeh the Trickster
  1145 | D:3      | Received a gift from Nemelex Xobeh
  1442 | D:3      | Found a radiant altar of Vehumet.
  1471 | D:3      | Reached XP level 6. HP: 49/49 MP: 6/6
  1482 | D:3      | Found a glowing drain.
  1707 | D:3      | Reached * piety under Nemelex Xobeh
  1789 | D:3      | Received a gift from Nemelex Xobeh
  2771 | D:4      | Found an iron altar of Okawaru.
  3088 | D:4      | Gained mutation: You are immune to clouds of flame. [demonic ancestry]
  3088 | D:4      | Reached XP level 7. HP: 55/55 MP: 7/7
  3136 | D:4      | Reached skill level 1 in Stealth
  3206 | D:4      | Reached skill level 5 in Fighting
  3206 | D:4      | Reached skill level 1 in Evocations
  3327 | D:4      | Found a stormy altar of Qazlal.
  3749 | D:5      | Entered Level 5 of the Dungeon
  3781 | D:5      | Reached ** piety under Nemelex Xobeh
  3916 | D:5      | Found a staircase to the Ecumenical Temple.
  4046 | D:5      | Reached skill level 5 in Shields
  4046 | D:5      | Reached XP level 8. HP: 48/62 MP: 9/9
  4141 | D:5      | HP: 3/62 [orc wizard/magic dart (8)]
  4142 | D:5      | Killed from afar by an orc wizard

Action                   |  1- 3 |  4- 6 |  7- 9 || total
-------------------------+-------+-------+-------++-------
Melee: Flail             |    43 |   244 |   175 ||   462
Evoke: Deck              |       |    15 |       ||    15
  Use: Scroll            |     4 |     5 |       ||     9
       Potion            |       |       |    11 ||    11
  Eat: Chunk             |       |     1 |     1 ||     2
       Bread ration      |       |     2 |       ||     2
